 Dungeon Crawl Stone Soup version 0.30.1-11-g7821555f0a (webtiles) character file.

Game seed: 1704899434702779505

60879 Peloso the Peltast (level 14, 0/129 HPs)
             Began as a Minotaur Fighter on Dec 15, 2023.
             Was a High Priest of Okawaru.
             Killed by divine providence
             ... invoked by a smoke demon
             ... summoned by an orc high priest
              (8 damage)
             ... on level 2 of the Orcish Mines.
             The game lasted 00:46:13 (22011 turns).

Peloso the Peltast (Minotaur Fighter)              Turns: 22011, Time: 00:46:13

Health: 0/129      AC: 23    Str: 21    XL:     14   Next: 58%
Magic:  14/14      EV: 11    Int:  5    God:    Okawaru [*****.]
Gold:   1585       SH: 16    Dex: 15    Spells: 13/13 levels left

rFire   + + .        a - +2 long sword (flame)
rCold   + . .        d - +2 kite shield {AC+3}
rNeg    . . .        B - +2 chain mail {rF+}
rPois   .            (helmet restricted)
rElec   .            O - scarf of Viloej {repulsion, rF+}
rCorr   .            (no gloves)
SInv    .            H - +0 pair of boots
Will    +....        (no amulet) Stlth
                     o - +4 ring of protection
HPRegen 0.41/turn    e - ring of protection from cold
MPRegen 0.14/turn

%: repel missiles
@: mighty
A: horns 2, retaliatory headbutt
a: Renounce Religion, Heroism, Finesse, Duel


You were on level 2 of the Orcish Mines.
You worshipped Okawaru.
Okawaru was extremely pleased with you.
You visited 4 branches of the dungeon, and saw 18 of its levels.
You also visited: Volcano.

You collected 1757 gold pieces.
You spent 172 gold pieces at shops.

Inventory:

Hand Weapons
 a - a +2 long sword of flaming (weapon)
 b - a +2 dagger of flaming
 c - the +5 Force Lance {heavy, knockback}
   (You found it on level 7 of the Dungeon)
Armour
 d - a +2 kite shield of protection (worn)
 B - a +2 chain mail of fire resistance (worn)
 F - a +1 cloak
 H - a +0 pair of boots (worn)
 O - the scarf of Viloej (worn) {repulsion, rF+}
   (Okawaru gifted it to you on level 8 of the Dungeon)

   rF:        It protects you from fire.
Jewellery
 e - a ring of protection from cold (right hand)
 j - a +5 ring of evasion
 k - a ring of fire
 l - a +6 ring of strength
 m - a +4 ring of protection
 o - a +4 ring of protection (left hand)
 J - a ring of fire
Wands
 w - a wand of flame (30)
 E - a wand of acid (10)
 K - a wand of mindburst (2)
 L - a wand of digging (7)
 Q - a wand of roots (5)
Scrolls
 f - 4 scrolls of brand weapon
 g - 3 scrolls of teleportation
 q - 3 scrolls of fear
 s - 6 scrolls of enchant weapon
 u - a scroll of fog
 x - 3 scrolls of poison
 y - 3 scrolls of enchant armour
 G - 2 scrolls of magic mapping
Potions
 h - a potion of might
 i - 3 potions of invisibility
 p - 5 potions of mutation
 r - 5 potions of haste
 t - 13 potions of degeneration
 v - 2 potions of cancellation
 z - 3 potions of curing
 A - 2 potions of flight
 D - a potion of magic
 I - 4 potions of brilliance {unknown}
 M - a potion of ambrosia {unknown}


   Skills:
 + Level 13.4 Fighting
 + Level 15.2 Long Blades
 + Level 7.8 Polearms
 + Level 13.1 Armour
 + Level 6.8 Dodging
 + Level 2.4 Stealth
 + Level 17.0 Shields
 + Level 2.2 Invocations
 + Level 1.0 Evocations


You had 13 spell levels left.
You didn't know any spells.
Your spell library contained the following spells:

 Spells                   Type           Power      Damage    Failure   Level
 Poisonous Vapours        Pois/Air       0%         N/A       99%         2
 Sublimation of Blood     Necr           0%         N/A       99%         2
 Wereblood                Tmut           0%         N/A       99%         2
 Frozen Ramparts          Ice            0%         1d1       100%        3
 Mephitic Cloud           Conj/Pois/Air  0%         N/A       100%        3
 Ozocubu's Armour         Ice            0%         N/A       100%        3
 Portal Projectile        Hex/Tloc       0%         N/A       100%        3
 Cause Fear               Hex            0%         N/A       100%        4
 Ice Form                 Ice/Tmut       0%         N/A       100%        4
 Leda's Liquefaction      Hex/Erth       0%         N/A       100%        4
 Petrify                  Tmut/Erth      0%         N/A       100%        4
 Alistair's Intoxication  Tmut/Pois      0%         N/A       100%        5
 Borgnjor's Vile Clutch   Necr/Erth      0%         N/A       100%        5
 Freezing Cloud           Conj/Ice/Air   0%         6-21      100%        5
 Metabolic Englaciation   Hex/Ice        0%         N/A       100%        5
 Eringya's Noxious Bog    Tmut/Pois      0%         N/A       100%        6
 Statue Form              Tmut/Erth      0%         N/A       100%        6
 Dragon Form              Tmut           0%         N/A       100%        7
 Borgnjor's Revivificati  Necr           0%         N/A       100%        8
 Necromutation            Tmut/Necr      0%         N/A       100%        8
 Death's Door             Necr           0%         N/A       100%        9
 Call Canine Familiar     Summ           Unusable   N/A       N/A         3
 Summon Ice Beast         Ice/Summ       Unusable   N/A       N/A         4
 Simulacrum               Ice/Necr       Unusable   N/A       N/A         6
 Summon Hydra             Summ           Unusable   N/A       N/A         7
 Dragon's Call            Summ           Unusable   N/A       N/A         9

Dungeon Overview and Level Annotations

Branches:
Dungeon (11/15)            Temple (1/1) D:4            Lair (4/5) D:8
  Swamp (0/4) Lair:3       Spider (0/4) Lair:2          Orc (2/2) D:10
    Elf (0/3) Orc:2       Volcano (visited)
  Slime: Lair:4-5

Altars:
Ashenzari
Cheibriados
Dithmenos
Elyvilon
Fedhas
Gozag
Hepliaklqana
Nemelex Xobeh
Okawaru
Qazlal
Ru
Sif Muna
Trog
Uskayaw
Vehumet
Xom
Yredelemnul
Zin
The Shining One

Shops:
D:7 (   Orc:2 (

Annotations:
D:4 3 runed translucent doors, lasso's ghost, amateur DjFE
D:10 1 runed translucent door, Winsalot's ghost, journeyman GnCj
Lair:1 3 runed translucent doors, Hodglim's ghost, journeyman MiBe
Lair:2 1 runed translucent door, playitsafe's ghost, journeyman KoEn


Innate Abilities, Weirdness & Mutations

You have a pair of horns on your head.
You reflexively headbutt those who attack you in melee.


Message History

The smoke demon gestures at you. Beogh smites you!
The orc high priest mumbles some strange prayers to Beogh against you.
Pain shoots through your body!
* * * LOW HITPOINT WARNING * * *
The orc high priest shouts repeatedly.
You block the soul eater's attack. The soul eater barely misses you.
You furiously retaliate!
You headbutt the soul eater!!
The hellwing hits you but does no damage.
You block the hellwing's attack.
You hit the orc high priest. You burn the orc high priest.
The orc high priest is almost dead.
You block the smoke demon's attack.
The smoke demon hits you but does no damage.
The smoke demon hits you.
* * * LOW HITPOINT WARNING * * *
The soul eater hits you but does no damage.
The orc high priest completely misses you.
The orc high priest calls down the wrath of Beogh upon you.
Beogh smites you!
* * * LOW HITPOINT WARNING * * *
The orc priest calls upon Beogh to heal the orc high priest.
The orc high priest is healed somewhat.
You block the soul eater's attack. The hellwing closely misses you.
You block the hellwing's attack.
You barely miss the orc high priest.
The orc high priest is severely wounded.
The hellwing burns!
You block the smoke demon's attack. The smoke demon barely misses you.
The smoke demon hits you but does no damage.
The soul eater hits you!
* * * LOW HITPOINT WARNING * * *
You block the orc high priest's attack. The soul eater hits you.
* * * LOW HITPOINT WARNING * * *
Blink to where?
Press: ? - help, Dir - move target
As you read the scroll of blinking, it crumbles to dust.
You see here a +0 mace.
The smoke demon gestures at you. Beogh smites you!
You die...

...#........#<)[.#.........##
.##.........))[.##.......###
.##...#...#.#)[###......##
####.#....###)[.###.....##### #
####...# ##[)####...##.#.## ##
###.# #..[# ##....)...###. ###
##...## ##..#.#.###..
#..)[.###......###...
##.#@##.....#...##...
##.)).........#[....
##..[..............
#...[..............
####..)........#... #######
#................# ###.....###
#.................
###.........####..3..............
#.............##..3..............


You could see a smoke demon (summoned).

Vanquished Creatures
  Gastronok (Lair:3)
  A red draconian (Volcano)
  Erolcha (D:10)
  An ice dragon (Lair:3)
  2 centaur warriors
  A two-headed ogre (D:10)
  A catoblepas (Lair:4)
  11 death yaks
  2 orc high priests
  Nergalle (D:10)
  Amaemon (Lair:2)
  2 wolf spiders (Lair:2)
  6 orc knights
  A deep elf pyromancer (D:7)
  Pikel (D:9)
  An orc sorcerer (Orc:2)
  An oklob plant (Lair:3)
  A cyclops (D:9)
  Joseph (D:9)
  Maurice (D:10)
  9 elephants
  An orange demon (Lair:2)
  3 black mambas
  An ice statue (Lair:3)
  8 cane toads
  3 unseen horrors
  A gargoyle (D:11)
  7 rime drakes
  A kobold demonologist (D:9)
  2 yaktaurs (Volcano)
  9 komodo dragons
  5 trolls
  6 polar bears
  11 blink frogs
  11 dream sheep
  A slime creature (D:7)
  A culicivora (Lair:2)
  A vampire (D:9)
  3 spriggans (Lair:1)
  4 wyverns
  A wraith (D:10)
  2 shadows
  3 basilisks
  58 yaks
  A vampire mosquito (D:7)
  3 steam dragons
  3 wargs (Orc:1)
  Duvessa (D:4)
  7 water moccasins
  An acid dragon (D:11)
  22 orc warriors
  A swamp drake (D:10)
  6 ice beasts (Lair:3)
  2 sky beasts (D:7)
  5 black bears
  3 ogres
  7 wolves
  2 lemures (D:9)
  6 centaurs
  A phantom (D:6)
  11 bullfrogs
  3 kobold brigands
  2 gnoll sergeants
  A scorpion (D:7)
  3 wights (D:7)
  Dowan (D:4)
  15 killer bees
  5 howler monkeys
  7 electric eels
  2 hounds
  A jelly (D:5)
  34 orc priests
  2 gnoll boudas
  An iguana (D:6)
  A sleepcap (D:4)
  18 orc wizards
  13 gnolls
  8 adders
  5 shadow imps
  5 white imps
  An ufetubus (D:6)
  3 worms
  2 dart slugs
  63 orcs
  8 ball pythons
  2 endoplasms
  6 giant cockroaches
  10 goblins
  8 hobgoblins
  6 jackals
  18 kobolds
  4 quokkas
  3 frilled lizards
  6 rats
539 creatures vanquished.

Vanquished Creatures (others)
  A polar bear (Lair:3)
  An orc priest (Orc:2)
2 creatures vanquished.

Grand Total: 541 creatures vanquished

Notes
Turn   | Place    | Note
-------+----------+-------------------------------------------
     0 | D:1      | Peloso the Minotaur Fighter began the quest for the Orb.
     0 | D:1      | Reached XP level 1. HP: 19/19 MP: 0/0
   186 | D:1      | Reached XP level 2. HP: 23/27 MP: 1/1
   821 | D:2      | Reached XP level 3. HP: 31/33 MP: 2/2
  1179 | D:2      | Reached skill level 4 in Shields
  1849 | D:3      | Reached XP level 4. HP: 41/41 MP: 3/3
  2452 | D:3      | Found a faded altar of an unknown god.
  2460 | D:3      | Reached XP level 5. HP: 46/47 MP: 4/4
  2806 | D:4      | Noticed Duvessa
  2807 | D:4      | Noticed Dowan
  2881 | D:5      | Entered Level 5 of the Dungeon
  2889 | D:5      | Noticed a black bear
  2903 | D:5      | Killed a black bear
  2904 | D:5      | Reached skill level 5 in Armour
  2904 | D:5      | Reached skill level 1 in Dodging
  2976 | D:5      | Noticed a black bear
  2990 | D:5      | Killed a black bear
  2991 | D:5      | Reached XP level 6. HP: 21/55 MP: 5/5
  3484 | D:5      | Reached skill level 5 in Fighting
  3490 | D:5      | Reached skill level 5 in Shields
  3982 | D:6      | Reached XP level 7. HP: 61/61 MP: 6/6
  4025 | D:6      | Reached skill level 5 in Long Blades
  4413 | D:7      | Noticed a vampire mosquito
  4422 | D:7      | Reached skill level 6 in Shields
  4434 | D:7      | Killed a vampire mosquito
  4435 | D:7      | Reached XP level 8. HP: 57/70 MP: 7/7
  4717 | D:4      | Killed Duvessa
  4729 | D:4      | Killed Dowan
  4781 | D:4      | Found a staircase to the Ecumenical Temple.
  4829 | Temple   | Entered the Ecumenical Temple
  4979 | Temple   | Became a worshipper of Warmaster Okawaru
  5232 | D:4      | Found a blossoming altar of Fedhas.
  5494 | D:4      | Found a runed translucent gate.
  5494 | D:4      | Found a runed translucent gate.
  5494 | D:4      | Found a runed translucent gate.
  5495 | D:4      | Noticed lasso's ghost (amateur DjFE)
  5982 | D:8      | Reached XP level 9. HP: 78/78 MP: 8/8
  6004 | D:8      | Noticed a rime drake
  6007 | D:8      | Noticed a rime drake
  6007 | D:8      | Noticed a rime drake
  6007 | D:8      | Noticed a rime drake
  6009 | D:8      | Noticed a rime drake
  6010 | D:8      | Noticed a rime drake
  6013 | D:8      | Found the +4 skin of Zhor {*Englaciate rC+++ SInv}
  6039 | D:8      | Noticed a death yak
  6055 | D:8      | Killed a death yak
  6055 | D:8      | Reached * piety under Okawaru
  6056 | D:8      | Reached skill level 7 in Shields
  6174 | D:7      | Noticed a deep elf pyromancer
  6175 | D:7      | Noticed a komodo dragon
  6189 | D:7      | Killed a komodo dragon
  6192 | D:7      | Reached ** piety under Okawaru
  6193 | D:7      | Reached skill level 10 in Long Blades
  6193 | D:7      | Reached skill level 1 in Stealth
  6207 | D:7      | Reached skill level 8 in Shields
  6247 | D:7      | Killed a deep elf pyromancer
  6248 | D:7      | Reached XP level 10. HP: 47/88 MP: 6/9
  6439 | D:7      | Found the +5 Force Lance {heavy, knockback}
  6623 | D:7      | Found Exzatoh's Hydra Hut.
  6625 | D:7      | Noticed a six-headed hydra
  6688 | D:7      | Reached skill level 1 in Polearms
  6940 | D:7      | Reached skill level 9 in Shields
  7178 | D:8      | Found a staircase to the Lair.
  7179 | D:8      | Noticed a death yak
  7179 | D:8      | Noticed a death yak
  7180 | D:8      | Noticed a death yak
  7180 | D:8      | Noticed a death yak
  7180 | D:8      | Noticed a death yak
  7180 | D:8      | Noticed a death yak
  7209 | D:7      | Killed a death yak
  7220 | D:7      | Killed a death yak
  7220 | D:7      | Reached *** piety under Okawaru
  7353 | D:7      | Killed a death yak
  7354 | D:7      | Reached skill level 5 in Polearms
  7363 | D:7      | Killed a death yak
  7364 | D:7      | Reached skill level 10 in Armour
  7446 | D:7      | Killed a death yak
  7446 | D:7      | Reached **** piety under Okawaru
  7447 | D:7      | Reached skill level 10 in Shields
  7447 | D:7      | Reached XP level 11. HP: 62/97 MP: 10/10
  7457 | D:7      | Killed a death yak
  7458 | D:7      | Reached skill level 1 in Invocations
  7682 | D:7      | Bought a +1 long sword of flaming for 172 gold pieces
  7807 | D:9      | Reached ***** piety under Okawaru
  8131 | D:9      | Noticed Pikel
  8155 | D:9      | Killed Pikel
  8265 | D:9      | Noticed Joseph
  8302 | D:9      | Killed Joseph
  8604 | D:9      | Identified the +8 ring mail of Pial {Str+2} (Okawaru gifted
                  | it to you on level 9 of the Dungeon)
  8604 | D:9      | Received a gift from Okawaru
  8874 | D:9      | Noticed a sun demon
  9063 | D:9      | Reached skill level 11 in Shields
  9412 | D:10     | Entered Level 10 of the Dungeon
  9562 | D:10     | Noticed Winsalot's ghost (journeyman GnCj)
  9581 | D:10     | Found a runed translucent door.
  9663 | D:10     | Reached skill level 1 in Evocations
  9788 | D:10     | Found a staircase to the Orcish Mines.
 10007 | D:10     | Noticed Maurice
 10060 | D:10     | Killed Maurice
 10093 | D:10     | Noticed Nergalle
 10104 | D:10     | Killed Nergalle
 10123 | D:10     | Reached skill level 10 in Fighting
 10128 | D:10     | Reached XP level 12. HP: 84/106 MP: 11/11
 10675 | D:11     | Noticed a two-headed ogre
 10700 | D:10     | Killed a two-headed ogre
 10701 | D:10     | Reached skill level 12 in Shields
 10994 | D:11     | Noticed Erolcha
 11248 | D:10     | Killed Erolcha
 11293 | D:11     | Reached skill level 13 in Shields
 11704 | Lair:1   | Entered Level 1 of the Lair of Beasts
 11742 | Lair:1   | Found a dark tunnel.
 11749 | Volcano  | Entered a volcano
 11765 | Volcano  | Noticed a centaur warrior
 11778 | Volcano  | Found a bloodstained altar of Trog.
 11779 | Volcano  | Noticed a red draconian
 11789 | Volcano  | Killed a centaur warrior
 11817 | Volcano  | Killed a red draconian
 11818 | Volcano  | Reached skill level 5 in Dodging
 12182 | Lair:1   | Noticed a minotaur
 12182 | Lair:1   | Noticed Hodglim's ghost (journeyman MiBe)
 12387 | Lair:1   | Reached XP level 13. HP: 76/116 MP: 12/12
 12743 | Lair:1   | Received a gift from Okawaru
 13053 | Lair:1   | Found a runed translucent gate.
 13054 | Lair:1   | Found a runed translucent gate.
 13055 | Lair:1   | Found a runed translucent gate.
 13245 | Lair:2   | Reached skill level 14 in Shields
 14062 | Lair:2   | Found a runed translucent door.
 14142 | Lair:2   | Noticed playitsafe's ghost (journeyman KoEn)
 14211 | Lair:2   | Noticed Amaemon
 14251 | Lair:2   | Killed Amaemon
 14527 | Lair:2   | Found a hole to the Spider Nest.
 14889 | D:8      | Identified the +9 flail of a bazaar {heavy, Contam rPois
                  | rC++ Dex+2}
 14914 | D:8      | Reached skill level 15 in Shields
 15012 | D:8      | Identified the staff of poison "Sexiut" {rPois Int+6 Dex+3}
 15207 | D:8      | Identified the scarf of Viloej {repulsion, rF+} (Okawaru
                  | gifted it to you on level 8 of the Dungeon)
 15207 | D:8      | Received a gift from Okawaru
 16730 | Lair:3   | Reached skill level 16 in Shields
 16765 | Lair:3   | Found a staircase to the Swamp.
 16817 | Lair:3   | Reached XP level 14. HP: 119/126 MP: 14/14
 17271 | Lair:3   | Noticed Gastronok
 17287 | Lair:3   | Killed Gastronok
 17823 | Lair:4   | Reached skill level 15 in Long Blades
 18985 | Orc:1    | Entered Level 1 of the Orcish Mines
 19192 | Orc:2    | Entered Level 2 of the Orcish Mines
 19637 | Orc:2    | Found Jijoij's Antique Weapon Boutique.
 19722 | Orc:2    | Received a gift from Okawaru
 21935 | Orc:2    | Found a staircase to the Elven Halls.
 21995 | Orc:2    | Reached skill level 17 in Shields
 22006 | Orc:2    | HP: 6/129 [soul eater[an orc high priest] (2)]
 22011 | Orc:2    | Killed from afar by a smoke demon

Illustrated notes

Levels and vault maps discovered:
D:1:      nzn_arrival_crosshair, layout_loops_ring
D:2:      layout_basic
D:3:      minmay_angry_zag, layout_basic, nicolae_ecumenical_snake_handling,
          minmay_misc_feat_rows, roderic_roman_lattice
D:4:      layout_cave_pools, lemuel_tele_altar, minmay_temple_entry_wispy,
          serial_column_ruins, column_ruins_hut_pillars,
          column_ruins_columns_water, column_ruins_open_tiny,
          column_ruins_open_tiny, column_ruins_open_large,
          column_ruins_columns_dead_end, column_ruins_open_tiny,
          gammafunk_ghost_necromancy, hangedman_glass_teeth,
          kennysheep_generic_room_10, uniq_duvessa
D:5:      layout_rooms
D:6:      layout_rooms
D:7:      minmay_the_grid_octo_triangle [minmay_the_grid_octo_concentric,
          minmay_the_grid_octo_prize_big_c, minmay_the_grid_octo_teeth],
          layout_loops_cross, doesnt_shop_hydraphobe
D:8:      nzn_winding_woodlands_cross [nzn_winding_woodlands_5x15_zeroes,
          nzn_winding_woodlands_5x15_sawtooth, nzn_winding_woodlands_5x15_eye,
          nzn_winding_woodlands_5x15_sidewinder,
          nzn_winding_woodlands_15x15_eel_pit], layout_cave_pools,
          dpeg_lair_monsters, grunt_ministairs_10, hellmonk_guarded_unrand_zhor
D:9:      layout_basic, serial_ice, serial_ice_n, serial_ice_j, serial_ice_d,
          serial_ice_a, serial_ice_m, serial_ice_e, minmay_misc_feat_hallway,
          uniq_joseph, uniq_pikel
D:10:     layout_loops_ring, erik_orc_1, hellmonk_ghost_big_iron, uniq_maurice,
          uniq_nergalle
D:11:     layout_big_octagon, uniq_erolcha
Temple:   mainiacjoe_temple_hex_bubbles
Lair:1:   layout_regular_city, nicolae_volcano_entry_s_turn,
          maelrawn_ghost_gauntlet_escape, wad_woods_02
Lair:2:   layout_long_grid, hellmonk_spider_entry_life_and_decay,
          gammafunk_ghost_grave, nicolae_lair_run_with_the_wolves,
          lemuel_fruit_fields, lemuel_fruit_tree, uniq_amaemon
Lair:3:   layout_cave_pods, swamp_mist_pool, ice2_lemuel, serial_bayou_shore_a,
          infiniplex_staircase_pool_2, uniq_gastronok
Lair:4:   layout_gridlike, grunt_megastairs_1
Orc:1:    layout_diamond_mine
Orc:2:    st_orc_pillars, layout_diamond_mine, serial_shops, shop

Skill      XL: |  1  2  3  4  5  6  7  8  9 10 11 12 13 14 |
---------------+-------------------------------------------+-----
Armour         | 4 5 6 7 8 9 10 11 12 13 | 13.1
Fighting       | 4 5 6 8 9 10 11 12 13 | 13.4
Shields        | 4 5 6 8 10 11 13 16 17 | 17.0
Long Blades    | 3 4 6 8 10 12 14 15 | 15.2
Dodging        | 1 2 3 4 5 6 |  6.8
Stealth        | 1 2 |  2.4
Polearms       | 6 7 |  7.8
Invocations    | 1 2 |  2.2
Evocations     | 1 |  1.0

Action                     |  1- 3 |  4- 6 |  7- 9 | 10-12 | 13-15 || total
---------------------------+-------+-------+-------+-------+-------++-------
  Melee: Long sword        |    82 |   135 |   265 |   619 |  1050 ||  2151
         Headbutt          |     7 |    24 |    78 |   208 |   259 ||   576
         Lance             |       |       |       |   145 |       ||   145
  Throw: Throwing net      |       |       |       |     1 |       ||     1
 Invoke: Heroism           |       |       |     3 |    10 |     6 ||    19
  Evoke: Wand              |       |       |       |     4 |       ||     4
    Use: Scroll            |     5 |     2 |     2 |     8 |     5 ||    22
         Potion            |     1 |       |     1 |     5 |     4 ||    11
 Armour: Scale mail        |    10 |       |       |       |       ||    10
         Chain mail        |    25 |    71 |    22 |   262 |   420 ||   800
         Plate armour      |       |    22 |   148 |       |       ||   170
         Ring mail         |       |       |       |     2 |       ||     2
  Dodge: Dodged            |    28 |    74 |   153 |   347 |   408 ||  1010
         Repelled          |       |       |       |       |     5 ||     5
  Block: Buckler           |    23 |    50 |    65 |       |       ||   138
         Kite shield       |       |       |    45 |   621 |   890 ||  1556
